 Dungeon Crawl Stone Soup version 0.21.1-1-g345015f (webtiles) character file.

77 Iko the Twirler (level 4, 0/37 HPs)
             Began as a Centaur Gladiator on May 31, 2018.
             Killed by nerve-wracking pain
             ... invoked by an orc priest
              (12 damage)
             ... on level 4 of the Dungeon.
             The game lasted 00:05:12 (597 turns).

Iko the Twirler (Centaur Gladiator)                  Turns: 597, Time: 00:05:12

Health: 0/37       AC:  8    Str: 17    XL:     4   Next: 13%
Magic:  4/4        EV:  5    Int:  8    God:
Gold:   89         SH:  0    Dex: 10    Spells: 3/3 levels left

rFire    . . .     SeeInvis .   g - -2 flail
rCold    . . .     Gourm    .   (no shield)
rNeg     . . .     Faith    .   b - +0 chain mail
rPois    .         Spirit   .   c - +0 helmet
rElec    .         Reflect  .   (no cloak)
rCorr    .         Harm     .   (no gloves)
MR       .....                  (no barding)
Stlth    ..........             (no amulet)
HPRegen  0.12/turn              i - ring of loudness (curse)
MPRegen  0.09/turn              a - ring of wizardry

@: very quick
A: large, hooves 3, deformed body, speed 2, tough skin 3
a: no special abilities


You were on level 4 of the Dungeon.
You were not hungry.

You visited 1 branch of the dungeon, and saw 4 of its levels.

You collected 89 gold pieces.

Inventory:

Hand Weapons
 g - a -2 flail (weapon)
Missiles
 d - 3 throwing nets (quivered)
Armour
 b - a +0 chain mail (worn)
 c - a +0 helmet (worn)
Jewellery
 a - a ring of wizardry (right hand)
 h - an uncursed ring of teleportation
 i - a cursed ring of loudness (left hand)
Potions
 e - a potion of lignification
Comestibles
 f - 4 rations


   Skills:
 + Level 2.4 Fighting
   Level 3.5(3.6) Staves
 + Level 2.4 Throwing
 + Level 0.1 Armour
 + Level 2.8 Dodging


You had 3 spell levels left.
You didn't know any spells.

Dungeon Overview and Level Annotations

Branches:
Dungeon (4/15)
 Temple: D:4-7

Altars:


Innate Abilities, Weirdness & Mutations

You have hooves in place of feet.
Armour fits poorly on your strangely shaped body.
You cover ground very quickly.
You have extremely tough skin. (AC +3)


Message History

The orc priest looks satisfied for a moment.
The orc priest mumbles some strange prayers to Beogh against you.
Beogh smites you!
A gnoll comes into view. It is wielding a club.
The gnoll shouts!
You hear a bark!
The orc priest calls down the wrath of Beogh upon you.
You barely resist.
The orc priest invokes the aid of Beogh against you.
You barely resist.
The orc priest invokes the aid of Beogh against you.
Beogh smites you!
* * * LOW HITPOINT WARNING * * *
The orc wizard gestures at you while chanting.
The puff of flame hits you!
The orc wizard mumbles some strange words.
The orc wizard flickers and vanishes!
Deactivating autopickup; reactivate with Ctrl-A.
The orc priest invokes the aid of Beogh against you.
Pain shoots through your body!
You die...

#.........###
#.....###o..#
#...{og..o..#
#..o..###...#
#..go.# #####
#...o.#
#.....###
##.......#
#.@......#
######...#
#...# #...#
#####


You could see 3 orc priests, an orc wizard and 2 gnolls.

Vanquished Creatures
  A bullfrog skeleton (D:2)
  The ghost of Iko the Sneak, a weakling KoAs (D:3)
  2 adders
  2 orcs (D:3)
  4 goblins
  3 hobgoblins (D:1)
  A bat (D:3)
  A frilled lizard (D:1)
  3 kobolds
  A rat (D:1)
19 creatures vanquished.

Vanquished Creatures (others)
  2 goblins (D:3)
  A quokka (D:3)
3 creatures vanquished.

Grand Total: 22 creatures vanquished

Notes
Turn   | Place    | Note
-------+----------+-------------------------------------------
     0 | D:1      | Iko the Centaur Gladiator began the quest for the Orb.
     0 | D:1      | Reached XP level 1. HP: 17/17 MP: 1/1
   236 | D:1      | Reached skill level 3 in Staves
   236 | D:1      | Reached XP level 2. HP: 24/24 MP: 2/2
   293 | D:2      | Reached XP level 3. HP: 29/29 MP: 3/3
   352 | D:3      | Noticed Iko's ghost (weakling KoAs)
   371 | D:3      | Killed Iko's ghost
   389 | D:3      | Reached XP level 4. HP: 37/37 MP: 4/4
   597 | D:4      | Killed from afar by an orc priest

Skill      XL: |  1 |
---------------+----+-----
Staves         | 3 |  3.5
Fighting       | |  2.4
Throwing       | |  2.4
Armour         | |  0.1
Dodging        | |  2.8

Action                   |  1- 3 |  4- 6 || total
-------------------------+-------+-------++-------
Melee: Quarterstaff      |    44 |     8 ||    52
       Kick              |    10 |     1 ||    11
       Flail             |       |     9 ||     9
Throw: Throwing net      |     3 |       ||     3
  Use: Scroll            |     2 |     1 ||     3
Armor: Leather armour    |    27 |     1 ||    28
       Chain mail        |       |     7 ||     7
       Ring mail         |       |     2 ||     2
Dodge: Dodged            |    35 |     6 ||    41
